 Dungeon Crawl Stone Soup version 0.26-b1-32-g5d43845318 (webtiles) character file.

Game seed: 1880138409644829315

26737 mopl the Impaler (level 13, -1/80 HPs)
             Began as a Tengu Abyssal Knight on Jan 11, 2021.
             Was the Champion of Lugonu.
             Slain by a cane toad (17 damage)
             ... on level 4 of the Lair of Beasts.
             The game lasted 00:23:42 (13186 turns).

mopl the Impaler (Tengu Abyssal Knight)            Turns: 13186, Time: 00:23:43

Health: -1/80      AC: 27    Str: 17    XL:     13   Next: 27%
Magic:  21/21      EV:  6    Int: 13    God:    Lugonu [******]
Gold:   858        SH:  7    Dex: 14    Spells: 12/12 levels left

rFire    . . .     SeeInvis .   a - +2 trident (venom)
rCold    . . .     Faith    .   c - +0 kite shield {AC+3}
rNeg     . . .     Spirit   .   M - +2 chain mail {rPois}
rPois    +         Reflect  .   (helmet restricted)
rElec    .         Harm     .   i - +2 cloak
rCorr    .         Rampage  .   (no gloves)
Will     .....                  (boots unavailable)
Stlth    ..........             G - amulet of regeneration
HPRegen  0.63/turn              m - +4 ring of protection
MPRegen  0.17/turn              r - +4 ring of protection

@: flying quickly and evasively, quick
A: beak, talons 3, able to fly
a: Stop Flying, Renounce Religion, Depart the Abyss, Bend Space, Banish,
Corrupt, Enter the Abyss, Brand Weapon With Distortion


You were on level 4 of the Lair of Beasts.
You worshipped Lugonu.
Lugonu was exalted by your worship.
You visited 2 branches of the dungeon, and saw 16 of its levels.
You visited the Abyss 1 time.

You collected 858 gold pieces.

Inventory:

Hand Weapons
 a - a +2 trident of venom (weapon)
 U - a +1 broad axe of venom
Missiles
 b - 6 curare-tipped darts
 f - 7 boomerangs
 A - 30 poisoned darts (quivered)
Armour
 c - a +0 kite shield of protection (worn)
 i - a +2 cloak (worn)
 z - a +2 ring mail of cold resistance
 M - a +2 chain mail of poison resistance (worn)
 N - a +2 tower shield of positive energy
Jewellery
 m - a +4 ring of protection (left hand)
 r - a +4 ring of protection (right hand)
 B - an uncursed ring of ice
 D - an uncursed ring of resist corrosion
 G - an amulet of regeneration (around neck)
 P - an uncursed ring of see invisible
Wands
 h - a wand of enslavement (10)
 C - a wand of polymorph (9)
 Q - a wand of flame (18)
 R - a wand of paralysis (18)
Scrolls
 d - 9 scrolls of remove curse
 g - 4 scrolls of blinking {unknown}
 j - 5 scrolls of teleportation
 k - 2 scrolls of random uselessness {unknown}
 o - a scroll of fear {unknown}
 q - 3 scrolls of immolation {unknown}
 u - a scroll of magic mapping {unknown}
 y - 3 scrolls of enchant weapon {unknown}
 E - 2 scrolls of amnesia {unknown}
 F - a scroll of fog {unknown}
 H - a scroll of brand weapon {unknown}
 I - a scroll of acquirement {unknown}
 J - 2 scrolls of enchant armour {unknown}
Potions
 e - 2 potions of curing
 l - 3 potions of lignification {!q}
 n - a potion of cancellation
 p - 3 potions of haste
 s - a potion of invisibility
 t - 4 potions of degeneration {unknown}
 v - a potion of attraction
 w - 3 potions of flight {unknown}
 x - 2 potions of berserk rage {!q}
 L - 3 potions of magic
 S - a potion of ambrosia {unknown}
 T - a potion of heal wounds
 V - a potion of might
Miscellaneous
 K - a box of beasts
 O - a lightning rod (4/4)


   Skills:
 + Level 8.9 Fighting
 * Level 15.4 Polearms
 + Level 9.4 Armour
 - Level 1.1 Dodging
 + Level 9.8 Invocations
 + Level 5.4 Evocations


You had 12 spell levels left.
You didn't know any spells.
Your spell library contained the following spells:

 Spells                   Type           Power        Failure   Level
 Corpse Rot               Necr/Air       N/A          100%        2
 Stone Arrow              Conj/Erth      0%           100%        3
 Summon Forest            Summ/Tloc      0%           100%        5
 Eringya's Noxious Bog    Tmut/Pois      0%           100%        6
 Hydra Form               Tmut           0%           100%        6
 Summon Hydra             Summ           0%           100%        7


Dungeon Overview and Level Annotations

Branches:
Dungeon (12/15)            Temple (0/1) D:4            Lair (4/6) D:9
 Shoals (0/4) Lair:3       Spider (0/4) Lair:3
    Orc: D:9-12

Altars:
Ashenzari
Cheibriados
Elyvilon
Gozag
Nemelex Xobeh
Okawaru
Qazlal
Ru
Uskayaw
Vehumet
Wu Jian
Xom
Zin
The Shining One


Innate Abilities, Weirdness & Mutations

You have a beak for a mouth.
You have claws for feet.
You can fly continuously.


Message History

You hit the cane toad. Your kick misses the cane toad.
You peck the cane toad, but do no damage.
The cane toad is lightly wounded.
You feel sick.
The cane toad stings you but does no damage.
Unknown command.
You closely miss the cane toad. You claw the cane toad.
The cane toad is moderately wounded.
You feel sick. The cane toad stings you.
* * * LOW HITPOINT WARNING * * *
You are more poisoned.
The cane toad poisons you!
Unknown command.
You hit the cane toad.
The cane toad is poisoned.
You peck the cane toad, but do no damage.
The cane toad is moderately wounded.
You feel sick. The cane toad stings you!!
* * * LOW HITPOINT WARNING * * *
You feel better. The cane toad stings you!
You die...

.#..... ##### #......
##.#.. ....... #.....
....... ####.....
....... #.#......
....... ##.......
.......### #........
#..F.## ##........
#..#@.######.....(...
#..#......##..........
#...#####..............
#.. ##.............
#..# #.............
...# #.#............
... ##.#...........
##............
##....##P###.


You could see a cane toad (very poisoned).

Vanquished Creatures
  A boulder beetle (D:11)
  3 hydras (Lair:2)
  A centaur warrior (D:10)
  2 two-headed ogres (D:10)
  3 death yaks (Lair:1)
  A tengu warrior (D:10)
  An unseen horror (D:11)
  A manticore (D:11)
  2 merfolk sirens (Lair:3)
  2 black mambas
  6 cane toads
  2 rime drakes
  2 komodo dragons (Lair:1)
  2 merfolk (Lair:3)
  A queen bee (D:8)
  A hornet (D:9)
  5 blink frogs (Lair:3)
  A shadow (D:11)
  2 redbacks (Lair:3)
  2 wyverns
  2 basilisks
  25 yaks
  3 wargs (D:9)
  A steam dragon (Lair:3)
  An acid dragon (D:10)
  4 water moccasins
  2 orc warriors
  3 sky beasts
  3 ice beasts
  3 black bears
  A hornet zombie (D:10)
  3 ogres
  3 phantoms
  An eye of draining (D:11)
  3 centaurs
  6 wolves (Lair:1)
  5 big kobolds
  A gnoll sergeant (D:6)
  8 bullfrogs
  A water moccasin zombie (D:8)
  4 scorpions
  A water moccasin skeleton (D:5)
  A wyvern skeleton (D:8)
  24 killer bees
  8 wights
  An electric eel (Lair:1)
  A howler monkey (D:8)
  5 centaur zombies
  3 bullfrog zombies
  4 orc priests
  6 hounds
  A jelly (D:11)
  10 orc wizards
  A bullfrog skeleton (D:11)
  A centaur skeleton (D:8)
  A gnoll shaman (D:6)
  3 iguanas
  10 worker ants
  A hound zombie (D:10)
  A hound skeleton (D:11)
  2 worker ant zombies (D:11)
  A howler monkey zombie (D:5)
  9 gnolls (D:6)
  9 adders
  2 shadow imps
  A white imp (D:7)
  2 ufetubi (D:6)
  4 oozes
  2 adder zombies
  4 worms
  A dart slug (D:3)
  4 leopard geckos
  28 orcs
  5 giant cockroaches
  7 goblins
  6 hobgoblins
  7 jackals
  5 quokkas
  2 ball pythons
  7 bats
  4 frilled lizards
  A jackal skeleton (D:4)
  A jackal zombie (D:7)
  18 kobolds
  A leopard gecko skeleton (D:4)
  3 rats
  A butterfly (Lair:2)
344 creatures vanquished.

Vanquished Creatures (others)
  6 fungi
  32 plants
38 creatures vanquished.

Grand Total: 382 creatures vanquished

Notes
Turn   | Place    | Note
-------+----------+-------------------------------------------
     0 | Abyss:1  | mopl the Tengu Abyssal Knight began the quest for the Orb.
     0 | Abyss:1  | Reached XP level 1. HP: 14/14 MP: 3/3
    27 | Abyss:2  | Noticed a thrashing horror
    28 | D:1      | Escaped the Abyss
   119 | D:1      | Reached * piety under Lugonu
   123 | D:1      | Reached XP level 2. HP: 19/19 MP: 4/4
   221 | D:1      | Reached skill level 3 in Polearms
   253 | D:1      | Reached skill level 2 in Invocations
   394 | D:1      | Reached XP level 3. HP: 23/23 MP: 5/5
   780 | D:2      | Found a shimmering altar of Xom.
  1070 | D:3      | Reached skill level 4 in Polearms
  1070 | D:3      | Reached XP level 4. HP: 22/28 MP: 6/6
  1260 | D:3      | Reached ** piety under Lugonu
  1272 | D:3      | Found a faded altar of an unknown god.
  1352 | D:3      | Found a broken altar of Ashenzari.
  1514 | D:3      | Found an opulent altar of Gozag.
  1534 | D:3      | Gained mutation: You can fly continuously. [Tengu growth]
  1534 | D:3      | Reached XP level 5. HP: 15/32 MP: 6/8
  1904 | D:3      | Reached skill level 5 in Polearms
  1904 | D:3      | Reached skill level 3 in Invocations
  2067 | D:4      | Noticed a phantom
  2087 | D:4      | Killed a phantom
  2088 | D:4      | Reached XP level 6. HP: 27/37 MP: 9/9
  2112 | D:4      | Found a stormy altar of Qazlal.
  2167 | D:3      | Found an ornate altar of the Wu Jian Council.
  2568 | D:4      | Found a glowing golden altar of the Shining One.
  2568 | D:4      | Found a white marble altar of Elyvilon.
  2568 | D:4      | Found a glowing silver altar of Zin.
  2581 | D:4      | Found a staircase to the Ecumenical Temple.
  2694 | D:5      | Entered Level 5 of the Dungeon
  2882 | D:4      | Reached skill level 6 in Polearms
  3219 | D:5      | Reached skill level 4 in Invocations
  3219 | D:5      | Reached XP level 7. HP: 30/41 MP: 9/11
  3297 | D:5      | Reached skill level 7 in Polearms
  3828 | D:5      | Reached skill level 8 in Polearms
  3842 | D:5      | Reached *** piety under Lugonu
  3854 | D:5      | Reached XP level 8. HP: 45/46 MP: 12/12
  3933 | D:5      | Reached skill level 5 in Invocations
  4232 | D:6      | Found an iron altar of Okawaru.
  4262 | D:6      | Reached skill level 9 in Polearms
  5160 | D:6      | Found a hide-covered altar of Uskayaw.
  5324 | D:6      | Found a sparkling altar of Nemelex Xobeh.
  5503 | D:7      | Reached skill level 10 in Polearms
  5503 | D:7      | Reached skill level 6 in Invocations
  5516 | D:7      | Reached XP level 9. HP: 50/50 MP: 14/14
  5572 | D:7      | Reached skill level 3 in Armour
  5761 | D:7      | Reached **** piety under Lugonu
  6725 | D:8      | Reached skill level 4 in Fighting
  6740 | D:8      | Reached skill level 11 in Polearms
  6926 | D:8      | Reached skill level 4 in Armour
  7171 | D:8      | Found a snail-covered altar of Cheibriados.
  7289 | D:8      | Reached XP level 10. HP: 19/58 MP: 16/16
  7471 | D:8      | Reached skill level 7 in Invocations
  7662 | D:9      | Found a radiant altar of Vehumet.
  7667 | D:9      | Reached skill level 5 in Fighting
  7759 | D:9      | Found a sacrificial altar of Ru.
  7820 | D:9      | Reached skill level 5 in Armour
  7980 | D:9      | Reached skill level 12 in Polearms
  8367 | D:9      | Found a staircase to the Lair.
  8437 | D:10     | Entered Level 10 of the Dungeon
  8524 | D:10     | Reached ***** piety under Lugonu
  8605 | D:10     | Noticed a two-headed ogre
  8616 | D:10     | Killed a two-headed ogre
  8617 | D:10     | Reached skill level 6 in Fighting
  8617 | D:10     | Reached skill level 6 in Armour
  8682 | D:10     | Reached XP level 11. HP: 54/64 MP: 17/17
  8702 | D:10     | Found a large runed translucent door.
  8702 | D:10     | Found a large runed translucent door.
  8703 | D:10     | Noticed a two-headed ogre
  8730 | D:10     | Killed a two-headed ogre
  8731 | D:10     | Reached skill level 13 in Polearms
  8731 | D:10     | Reached skill level 8 in Invocations
  8831 | D:10     | Noticed a centaur warrior
  8992 | D:10     | Killed a centaur warrior
  9014 | D:10     | Found a large runed translucent door.
  9014 | D:10     | Found a large runed translucent door.
  9085 | D:10     | Noticed a tengu warrior
  9100 | D:10     | Killed a tengu warrior
  9517 | D:11     | Reached skill level 7 in Armour
  9684 | D:11     | Noticed a manticore
  9694 | D:11     | Killed a manticore
  9695 | D:11     | Reached skill level 7 in Fighting
  9695 | D:11     | Reached skill level 1 in Evocations
  9773 | D:11     | Noticed a boulder beetle
  9794 | D:11     | Killed a boulder beetle
  9897 | D:11     | Killed an unseen horror
  9898 | D:11     | Reached skill level 2 in Evocations
 10195 | D:12     | Noticed a purple ugly thing
 10312 | Lair:1   | Entered Level 1 of the Lair of Beasts
 10373 | Lair:1   | Noticed a death yak
 10374 | Lair:1   | Noticed a death yak
 10387 | Lair:1   | Noticed a death yak
 10411 | Lair:1   | Killed a death yak
 10448 | Lair:1   | Killed a death yak
 10449 | Lair:1   | Reached skill level 14 in Polearms
 10449 | Lair:1   | Reached XP level 12. HP: 53/72 MP: 19/19
 10459 | Lair:1   | Killed a death yak
 10460 | Lair:1   | Reached skill level 3 in Evocations
 10499 | Lair:1   | Got a crude turquoise ring
 10501 | Lair:1   | Identified the ring of Awibreumn {rF- rCorr Str-5 Int+9
                  | Dex+3} (You found it on level 1 of the Lair of Beasts)
 10547 | Lair:1   | Reached skill level 8 in Armour
 10607 | Lair:1   | Reached skill level 9 in Invocations
 11046 | Lair:1   | Reached skill level 8 in Fighting
 11344 | Lair:2   | Reached skill level 4 in Evocations
 11448 | Lair:2   | Reached ****** piety under Lugonu
 11523 | Lair:2   | Noticed a four-headed hydra
 11538 | Lair:2   | Killed a four-headed hydra
 11606 | Lair:2   | Noticed a five-headed hydra
 11617 | Lair:2   | Killed a five-headed hydra
 11675 | Lair:2   | Noticed a five-headed hydra
 11682 | Lair:2   | Killed a five-headed hydra
 11683 | Lair:2   | Reached skill level 15 in Polearms
 11740 | Lair:2   | Reached skill level 9 in Armour
 11769 | Lair:2   | Reached XP level 13. HP: 79/79 MP: 21/21
 12253 | Lair:3   | Reached skill level 5 in Evocations
 12284 | Lair:3   | Found a staircase to the Shoals.
 12545 | Lair:3   | Found a hole to the Spider Nest.
 13186 | Lair:4   | Slain by a cane toad

Illustrated notes

Levels and vault maps discovered:
D:1:      minmay_arrival_checkered_box, layout_basic, kennysheep_pointless_box
D:2:      layout_loops_ring, lemuel_coloured_pillars_altar
D:3:      layout_basic, nicolae_gozag_seed_capital, overflow_temple_1_default,
          nicolae_overflow_hidden_temple, chequers_ecumenical_altar_lobes
D:4:      layout_basic, good_gods_mini_temple, grunt_qazlal_clouds,
          minmay_temple_entry_butterflies
D:5:      cheibrodos_thug_alley, layout_basic
D:6:      layout_loops_ring, eat_drink_and_be_merry_uskayaw,
          okawaru_ov_weapons_minmay, nemelex_spade_bored_becter
D:7:      layout_cave_pods
D:8:      layout_gridville, slow_altar_2, nicolae_looking_at_the_future
D:9:      layout_basic, vehumet_crystals, nicolae_ru_sacrificial_ziggurat,
          erik_lair_orcish_takeover
D:10:     layout_basic, minmay_hollow_rounded_squares
D:11:     layout_roguey
D:12:     layout_long_grid, erik_orc_2, serial_shops, shop
Lair:1:   layout_gridlike, serial_bayou_lagoon_a
Lair:2:   layout_small_grid, grunt_megastairs_4, lemuel_fruit_fields
Lair:3:   layout_cave_pods, elwin_shoals_entry_stream, spider_nest_entry_webs,
          infiniplex_staircase_pool_2
Lair:4:   layout_cave_pods, st_stairs_7

Skill      XL: |  1  2  3  4  5  6  7  8  9 10 11 12 13 |
---------------+----------------------------------------+-----
Polearms       | 3 4 5 6 8 10 11 12 14 15 | 15.4
Invocations    | 2 3 4 6 7 8 9 |  9.8
Armour         | 4 6 7 9 |  9.4
Fighting       | 4 6 7 8 |  8.9
Evocations     | 2 4 5 |  5.4
Dodging        | |  1.1

Action                   |  1- 3 |  4- 6 |  7- 9 | 10-12 | 13-15 || total
-------------------------+-------+-------+-------+-------+-------++-------
Melee: Spear             |    92 |    70 |       |       |       ||   162
       Kick              |    17 |    33 |    99 |   214 |    31 ||   394
       Peck              |     7 |    26 |    59 |   155 |    26 ||   273
       Trident           |       |    95 |   420 |   815 |   145 ||  1475
Throw: Dart              |       |       |     4 |    14 |     3 ||    21
Invok: Depart the Abyss  |     1 |       |       |       |       ||     1
       Bend Space        |       |       |     4 |       |       ||     4
       Banish            |       |       |     2 |       |       ||     2
 Abil: Fly               |       |     1 |       |       |       ||     1
Evoke: Wand              |       |       |       |     8 |     2 ||    10
  Use: Scroll            |     3 |     1 |     3 |     8 |     1 ||    16
       Potion            |       |       |     3 |       |     1 ||     4
Armor: Ring mail         |    26 |    24 |    65 |    79 |       ||   194
       Chain mail        |       |    69 |    87 |   167 |    51 ||   374
Dodge: Dodged            |    29 |    59 |   135 |   212 |    22 ||   457
Block: Kite shield       |       |       |       |     3 |    17 ||    20
